TOP OF THE 1ST |
Reading Fightin Phils batting - Pitching for Tulsa Drillers : RHP Luke Kinman
|
Pitching: RHP Luke Kinman
|
|
Batting: RHB Prabhukumar Santhanakrishnan
|
0-0: Ground out 6-3 (Groundball, 6, EV 81.9 MPH)
|
Batting: RHB Mark Schultz
|
0-0: Called Strike 0-1: Ball 1-1: Ball 2-1: Foul Ball, location: 2F 2-2: Foul Ball, location: 2F 2-2: Fly out, F3 (Flyball, 3D, EV 85.6 MPH)
|
Batting: LHB Josh George
|
0-0: Foul Ball, location: 2F 0-1: Ball 1-1: Called Strike 1-2: Ball 2-2: Foul Ball, location: 2F 2-2: SOLO HOME RUN (Flyball, 9LD, EV 96.2 MPH), Distance : 351 ft
|
Batting: RHB Abel Surraca
|
0-0: Called Strike 0-1: Ground out 5-3 (Groundball, 5L, EV 105.6 MPH)
|
Top of the 1st over - 1 run, 1 hit, 0 errors, 0 left on base; Reading 1 - Tulsa 0 |
BOTTOM OF THE 1ST |
Tulsa Drillers batting - Pitching for Reading Fightin Phils : RHP Georgs Felitti
|
Pitching: RHP Georgs Felitti
|
|
Batting: LHB Tony Morales
|
0-0: Ball 1-0: Ball 2-0: Called Strike 2-1: Foul Ball, location: 2F 2-2: Ball 3-2: Ground out U3 (Groundball, 34S, EV 68.1 MPH)
|
Batting: RHB Roberto Lemus
|
0-0: Called Strike 0-1: Fly out, F8 (Flyball, 8LD, EV 92.5 MPH)
|
Batting: LHB Jesus Ramirez
|
0-0: Ball 1-0: Ground out 1-3 (Groundball, 13S, EV 64.4 MPH)
|
Bottom of the 1st over - 0 runs, 0 hits, 0 errors, 0 left on base; Reading 1 - Tulsa 0 |
TOP OF THE 2ND |
Reading Fightin Phils batting - Pitching for Tulsa Drillers : RHP Luke Kinman
|
Batting: RHB Victor Arroyo
|
0-0: Called Strike 0-1: SINGLE (Line Drive, 56D, EV 95.0 MPH)
|
Batting: RHB Kyle Reilly
|
0-0: Ball 1-0: Called Strike 1-1: Fielders Choice at 2nd, 6-4 (Groundball, 6, EV 78.8 MPH)
|
Batting: RHB Jake Cox
|
0-0: Ball 1-0: Called Strike 1-1: Called Strike 1-2: Foul Ball, location: 2F 1-2: Strikes out swinging
|
Batting: RHB Bryan Alfaro
|
0-0: Fly out, F9 (Flyball, 9, EV 83.1 MPH)
|
Top of the 2nd over - 0 runs, 1 hit, 0 errors, 1 left on base; Reading 1 - Tulsa 0 |
BOTTOM OF THE 2ND |
Tulsa Drillers batting - Pitching for Reading Fightin Phils : RHP Georgs Felitti
|
Batting: LHB Kevin Wiebe
|
0-0: Called Strike 0-1: Fly out, F8 (Line Drive, 78D, EV 90.6 MPH)
|
Batting: RHB Marcos Villalobos
|
0-0: Ball 1-0: Called Strike 1-1: Swinging Strike 1-2: Strikes out swinging
|
Batting: RHB Nick Getz
|
0-0: Called Strike 0-1: Called Strike 0-2: Ball 1-2: Ground out 6-3 (Groundball, 6, EV 100.0 MPH)
|
Bottom of the 2nd over - 0 runs, 0 hits, 0 errors, 0 left on base; Reading 1 - Tulsa 0 |
TOP OF THE 3RD |
Reading Fightin Phils batting - Pitching for Tulsa Drillers : RHP Luke Kinman
|
Batting: RHB Josh Baker
|
0-0: Called Strike 0-1: Ball 1-1: DOUBLE (Line Drive, 78D, EV 103.8 MPH)
|
Batting: RHB Prabhukumar Santhanakrishnan
|
0-0: Ball 1-0: Foul Ball, location: 2F 1-1: Fly out, F8 (Flyball, 8LM, EV 91.2 MPH)
|
Batting: RHB Mark Schultz
|
0-0: Ball 1-0: Ground out 4-3 (Groundball, 4, EV 93.1 MPH) Josh Baker to third
|
Batting: LHB Josh George
|
0-0: Ball 1-0: Ground out 4-3 (Groundball, 4, EV 89.4 MPH)
|
Top of the 3rd over - 0 runs, 1 hit, 0 errors, 1 left on base; Reading 1 - Tulsa 0 |
BOTTOM OF THE 3RD |
Tulsa Drillers batting - Pitching for Reading Fightin Phils : RHP Georgs Felitti
|
Batting: RHB Aaron Burress
|
0-0: Ball 1-0: Foul Ball, location: 2F 1-1: Called Strike 1-2: Reached on error, E5 (Groundball, 56, EV 103.1 MPH)
|
Batting: RHB Tony Rivera
|
0-0: Foul Ball, location: 2F 0-1: Ball 1-1: Ball 2-1: Swinging Strike 2-2: Foul Ball, location: 2F 2-2: Ball 3-2: Foul Ball, location: 2F 3-2: Base on Balls
|
Batting: RHB Mike Plugge
|
0-0: Ball 1-0: Called Strike 1-1: SINGLE (Groundball, 6MD, EV 102.5 MPH) Aaron Burress to third Tony Rivera to second
|
Batting: LHB Tony Morales
|
0-0: Foul Ball, location: 2F 0-1: Foul Ball, location: 2F 0-2: Foul Ball, location: 2F 0-2: Fly out, F9 (Flyball, 9, EV 93.1 MPH) Runner from 3rd tags up, OUT at HOME! 9-2 Tony Rivera to third Mike Plugge to second
|
Batting: RHB Roberto Lemus
|
0-0: Swinging Strike 0-1: Foul Ball, location: 2F 0-2: Ball 1-2: Ball 2-2: Strikes out swinging
|
Bottom of the 3rd over - 0 runs, 1 hit, 1 error, 2 left on base; Reading 1 - Tulsa 0 |
TOP OF THE 4TH |
Reading Fightin Phils batting - Pitching for Tulsa Drillers : RHP Luke Kinman
|
Batting: RHB Abel Surraca
|
0-0: Ball 1-0: SINGLE (Groundball, 5S, EV 69.4 MPH) (infield hit)
|
Batting: RHB Victor Arroyo
|
0-0: Fly out, F8 (Line Drive, 8LM, EV 89.4 MPH)
|
Batting: RHB Kyle Reilly
|
0-0: Swinging Strike 0-1: Foul Ball, location: 2F 0-2: Ball 1-2: Strikes out swinging
|
Batting: RHB Jake Cox
|
0-0: Swinging Strike 0-1: Fly out, F8 (Flyball, 78M, EV 91.9 MPH)
|
Top of the 4th over - 0 runs, 1 hit, 0 errors, 1 left on base; Reading 1 - Tulsa 0 |
BOTTOM OF THE 4TH |
Tulsa Drillers batting - Pitching for Reading Fightin Phils : RHP Georgs Felitti
|
Batting: LHB Jesus Ramirez
|
0-0: Ball 1-0: Ball 2-0: Ball 3-0: Base on Balls
|
Batting: LHB Kevin Wiebe
|
0-0: Called Strike 0-1: Foul Ball, location: 2F 0-2: Ball 1-2: Foul Ball, location: 2F 1-2: Fly out, F9 (Line Drive, 89M, EV 94.4 MPH)
|
Batting: RHB Marcos Villalobos
|
0-0: Called Strike 0-1: Ball 1-1: Foul Ball, location: 2F 1-2: Grounds into double play, 4-6-3 (Groundball, 4, EV 86.2 MPH)
|
Bottom of the 4th over - 0 runs, 0 hits, 0 errors, 0 left on base; Reading 1 - Tulsa 0 |
TOP OF THE 5TH |
Reading Fightin Phils batting - Pitching for Tulsa Drillers : RHP Luke Kinman
|
Batting: RHB Bryan Alfaro
|
0-0: Foul Ball, location: 2F 0-1: Foul Ball, location: 2F 0-2: Ball 1-2: Strikes out looking
|
Batting: RHB Josh Baker
|
0-0: Ball 1-0: Fly out, F7 (Line Drive, 7, EV 91.2 MPH)
|
Batting: RHB Prabhukumar Santhanakrishnan
|
0-0: Called Strike 0-1: Ground out 6-3 (Groundball, 6, EV 86.9 MPH)
|
Top of the 5th over - 0 runs, 0 hits, 0 errors, 0 left on base; Reading 1 - Tulsa 0 |
BOTTOM OF THE 5TH |
Tulsa Drillers batting - Pitching for Reading Fightin Phils : RHP Georgs Felitti
|
Pitching: RHP Gabe Torres
|
|
Batting: RHB Nick Getz
|
0-0: Ball 1-0: Swinging Strike 1-1: Swinging Strike 1-2: Ball 2-2: Ball 3-2: Foul Ball, location: 2F 3-2: Foul Ball, location: 2F 3-2: Base on Balls
|
Batting: RHB Aaron Burress
|
0-0: Swinging Strike 0-1: Ball 1-1: Called Strike 1-2: Foul Ball, location: 2F 1-2: Ball 2-2: Ball 3-2: Base on Balls Nick Getz to second
|
Batting: RHB Tony Rivera
|
0-0: Foul Ball, location: 2F 0-1: Fly out, F6 (Popup, 6D, EV 55.6 MPH)
|
Batting: RHB Mike Plugge
|
0-0: Ball 1-0: Ball 2-0: Swinging Strike 2-1: Swinging Strike 2-2: Strikes out swinging
|
Batting: LHB Tony Morales
|
0-0: Called Strike 0-1: Fly out, F9 (Flyball, 89M, EV 81.9 MPH)
|
Bottom of the 5th over - 0 runs, 0 hits, 0 errors, 2 left on base; Reading 1 - Tulsa 0 |
TOP OF THE 6TH |
Reading Fightin Phils batting - Pitching for Tulsa Drillers : RHP Luke Kinman
|
Batting: RHB Mark Schultz
|
0-0: Ball 1-0: Called Strike 1-1: Called Strike 1-2: Ball 2-2: Ground out 3-1 (Groundball, 34, EV 103.8 MPH)
|
Batting: LHB Josh George
|
0-0: Ball 1-0: Swinging Strike 1-1: SINGLE (Line Drive, 9S, EV 100.6 MPH)
|
Batting: RHB Abel Surraca
|
0-0: Called Strike 0-1: Ball 1-1: Ball 2-1: SINGLE (Line Drive, 78S, EV 96.2 MPH) Josh George to second
|
Batting: RHB Victor Arroyo
|
0-0: Ball 1-0: Ball 2-0: Called Strike 2-1: Ball 3-1: Called Strike 3-2: Grounds into double play, 3-6-1 (Groundball, 34, EV 103.8 MPH)
|
Top of the 6th over - 0 runs, 2 hits, 0 errors, 1 left on base; Reading 1 - Tulsa 0 |
BOTTOM OF THE 6TH |
Tulsa Drillers batting - Pitching for Reading Fightin Phils : RHP Gabe Torres
|
Batting: RHB Roberto Lemus
|
0-0: Ball 1-0: Foul Ball, location: 2F 1-1: Ground out 6-3 (Groundball, 6, EV 92.5 MPH)
|
Batting: LHB Jesus Ramirez
|
0-0: Foul Ball, location: 2F 0-1: Swinging Strike 0-2: Ball 1-2: Fly out, F8 (Flyball, 8LD, EV 96.2 MPH)
|
Batting: LHB Kevin Wiebe
|
0-0: Ball 1-0: Swinging Strike 1-1: Foul Ball, location: 2F 1-2: Ball 2-2: Ball 3-2: Base on Balls
|
Pitching: RHP Dennis Grange
|
|
Batting: RHB Marcos Villalobos
|
0-0: Ball 1-0: Foul Ball, location: 2F 1-1: Foul Ball, location: 2F 1-2: Ball 2-2: Foul Ball, location: 2F 2-2: Strikes out looking
|
Bottom of the 6th over - 0 runs, 0 hits, 0 errors, 1 left on base; Reading 1 - Tulsa 0 |
TOP OF THE 7TH |
Reading Fightin Phils batting - Pitching for Tulsa Drillers : RHP Luke Kinman
|
Batting: RHB Kyle Reilly
|
0-0: Called Strike 0-1: Foul Ball, location: 2F 0-2: Ball 1-2: Strikes out swinging
|
Batting: RHB Jake Cox
|
0-0: Called Strike 0-1: Ball 1-1: Foul Ball, location: 2F 1-2: Ground out 3-1 (Groundball, 13, EV 88.8 MPH)
|
Batting: RHB Bryan Alfaro
|
0-0: Called Strike 0-1: Called Strike 0-2: Foul Ball, location: 2F 0-2: Ball 1-2: Strikes out swinging
|
Top of the 7th over - 0 runs, 0 hits, 0 errors, 0 left on base; Reading 1 - Tulsa 0 |
BOTTOM OF THE 7TH |
Tulsa Drillers batting - Pitching for Reading Fightin Phils : RHP Dennis Grange
|
Batting: RHB Nick Getz
|
0-0: Called Strike 0-1: Foul Ball, location: 2F 0-2: Foul Ball, location: 2F 0-2: Ball 1-2: Ground out 6-3 (Groundball, 6M, EV 87.5 MPH)
|
Batting: RHB Aaron Burress
|
0-0: Foul Ball, location: 2F 0-1: Ball 1-1: Called Strike 1-2: Strikes out swinging
|
Batting: RHB Tony Rivera
|
0-0: Ball 1-0: Ball 2-0: Foul Ball, location: 2F 2-1: Ball 3-1: Ground out 4-3 (Groundball, 4M, EV 84.4 MPH)
|
Bottom of the 7th over - 0 runs, 0 hits, 0 errors, 0 left on base; Reading 1 - Tulsa 0 |
TOP OF THE 8TH |
Reading Fightin Phils batting - Pitching for Tulsa Drillers : RHP Luke Kinman
|
Batting: RHB Josh Baker
|
0-0: Called Strike 0-1: Ball 1-1: Ball 2-1: Ball 3-1: Called Strike 3-2: Ground out 5-3 (Groundball, 5S, EV 86.2 MPH)
|
Batting: RHB Prabhukumar Santhanakrishnan
|
0-0: Ball 1-0: Called Strike 1-1: Ball 2-1: Foul Ball, location: 2F 2-2: Ground out 2-3 (Groundball, 15S, EV 68.1 MPH)
|
Batting: RHB Mark Schultz
|
0-0: Ground out 4-3 (Groundball, 4, EV 90.0 MPH)
|
Top of the 8th over - 0 runs, 0 hits, 0 errors, 0 left on base; Reading 1 - Tulsa 0 |
BOTTOM OF THE 8TH |
Tulsa Drillers batting - Pitching for Reading Fightin Phils : RHP Dennis Grange
|
Pitching: RHP Pat Richardson
|
|
Batting: RHB Mike Plugge
|
0-0: Ball 1-0: Ball 2-0: Called Strike 2-1: SINGLE (Line Drive, 78D, EV 105.0 MPH)
|
Batting: LHB Tony Morales
|
0-0: Called Strike 0-1: Ball 1-1: Ball 2-1: Ball 3-1: Base on Balls Mike Plugge to second
|
Batting: RHB Roberto Lemus
|
0-0: Ball 1-0: Called Strike 1-1: DOUBLE (Line Drive, 8RXD, EV 96.2 MPH) Mike Plugge scores Tony Morales to third Runner from 3rd tries for Home, SAFE, throw by CF to home
|
Batting: LHB Jesus Ramirez
|
0-0: Ball 1-0: Ball 2-0: Called Strike 2-1: Swinging Strike 2-2: 2-RUN HOME RUN (Flyball, 8LXD, EV 100.0 MPH), Distance : 426 ft
|
Pitching: LHP Roger Farley
|
|
Batting: LHB Kevin Wiebe
|
0-0: Ball 1-0: Foul Ball, location: 2F 1-1: SINGLE (Groundball, 56D, EV 100.6 MPH)
|
Batting: RHB Marcos Villalobos
|
0-0: Ball Wild Pitch! Kevin Wiebe to second 1-0: Ball 2-0: Called Strike 2-1: Ball 3-1: Ground out 1-3 (Groundball, 34S, EV 65.6 MPH) Kevin Wiebe to third
|
Batting: RHB Nick Getz
|
0-0: Called Strike 0-1: 2-RUN HOME RUN (Flyball, 7D, EV 90.0 MPH), Distance : 331 ft
|
Batting: RHB Aaron Burress
|
0-0: Called Strike 0-1: Ball 1-1: Ball 2-1: Ball 3-1: Foul Ball, location: 2F 3-2: Ground out 5-3 (Groundball, 56S, EV 66.9 MPH)
|
Batting: RHB Tony Rivera
|
0-0: Swinging Strike 0-1: Ball 1-1: Swinging Strike 1-2: Foul Ball, location: 2F 1-2: Strikes out swinging, 2-3 out at first.
|
Bottom of the 8th over - 6 runs, 5 hits, 0 errors, 0 left on base; Reading 1 - Tulsa 6 |
TOP OF THE 9TH |
Reading Fightin Phils batting - Pitching for Tulsa Drillers : RHP Luke Kinman
|
Batting: LHB Josh George
|
0-0: Ball 1-0: DOUBLE (Groundball, 3L, EV 105.6 MPH)
|
Batting: RHB Abel Surraca
|
0-0: Swinging Strike 0-1: Fly out, F7 (Flyball, 78M, EV 85.0 MPH)
|
Pitching: RHP Junzo Fujii
|
|
Batting: RHB Victor Arroyo
|
0-0: Called Strike 0-1: Ball 1-1: Foul Ball, location: 2F 1-2: Ball 2-2: Foul Ball, location: 2F 2-2: Fly out, F7 (Line Drive, 78M, EV 105.0 MPH)
|
Batting: RHB Kyle Reilly
|
0-0: Called Strike 0-1: Swinging Strike 0-2: Ball 1-2: Strikes out swinging
|
Top of the 9th over - 0 runs, 1 hit, 0 errors, 1 left on base; Reading 1 - Tulsa 6 |
|